 Dungeon Crawl Stone Soup version 0.17-a0-2074-gaf3f87d (webtiles) character file.

6064 Ordine the Carver (level 10, -2/115 HPs)
             Began as an Octopode Fighter on Oct 15, 2015.
             Was an Elder of Dithmenos.
             Slain by a troll (11 damage)
             ... on level 9 of the Dungeon.
             The game lasted 00:36:07 (12032 turns).

Ordine the Carver (Octopode Fighter)               Turns: 12032, Time: 00:36:07

Health: -2/115     AC:  3    Str: 21    XL:     10   Next: 87%
Magic:  10/10      EV: 11    Int: 12    God:    Dithmenos [****..]
Gold:   607        SH: 12    Dex: 18    Spells: 0 memorised, 9 levels left

rFire  . . .     SeeInvis .     a - +1 long sword
rCold  . . .     Rnd*Rage +     K - +2 shield
rNeg   + . .     SustAt   .     (helmet restricted)
rPois  .         Gourm    .     (no amulet)
rElec  .         Spirit   .     e - ring of positive energy
rCorr  .         Warding  .     F - +3 ring of dexterity
rMut   .         Stasis   .     (no ring)
MR     .....                    (no ring)
Stlth  ..........               (no ring)
                                (no ring)
                                (no ring)
                                (no ring)

@: berserking, wreathed by umbra, very quick, not resistant to hostile
enchantments, extremely unstealthy
A: almost no armour, amphibious, 8 rings, constrict 8, thin metallic scales 1,
camouflage 1, berserk 1, clever 1, gelatinous body 1
a: Shadow Step, Renounce Religion


You were on level 9 of the Dungeon.
You worshipped Dithmenos.
Dithmenos was greatly pleased with you.
You were not hungry.

You visited 2 branches of the dungeon, and saw 10 of its levels.
You also visited: Ossuary.

You collected 607 gold pieces.

Inventory:

Hand Weapons
 a - a +1 long sword (weapon)
 x - a +0 dagger
 H - a +0 blowgun
Missiles
 k - 17 tomahawks
 q - 208 stones (quivered)
 y - 2 silver tomahawks
 G - 42 poisoned needles
Armour
 K - a +2 shield (worn)
Jewellery
 e - a ring of positive energy (left tentacle)
 h - an uncursed amulet of resist corrosion
 F - a +3 ring of dexterity (right tentacle)
Wands
 A - a wand of heal wounds (7)
 E - a wand of teleportation (3)
 I - a wand of lightning (5)
Scrolls
 i - 9 scrolls of teleportation
 m - 5 scrolls of remove curse
 s - 2 scrolls of enchant weapon
 w - 5 scrolls of amnesia
 D - a scroll of enchant armour
Potions
 f - 5 potions of curing
 j - 2 potions of haste
 l - 2 potions of resistance
 o - a potion of magic
 t - a potion of agility
 z - 4 potions of flight {unknown}
 B - 2 potions of poison {unknown}
Books
 C - a Young Poisoner's Handbook

   Spells                             Type                      Level
   a - Sting                          Conjuration/Poison           1
   b - Cure Poison                    Poison                       2
   c - Mephitic Cloud                 Conjuration/Poison/Air       3
   d - Olgreb's Toxic Radiance        Poison                       4
   e - Venom Bolt                     Conjuration/Poison           5
Comestibles
 c - 10 chunks of flesh
 d - 7 bread rations
 g - 5 meat rations
 p - 8 fruits
 r - a royal jelly
 u - 2 slices of pizza
 J - a beef jerky


   Skills:
 + Level 10.4 Fighting
 + Level 12.4 Long Blades
 - Level 3.0 Dodging
 - Level 3.0 Shields


You had 9 spell levels left.
You didn't know any spells.

Dungeon Overview and Level Annotations

Branches:
Dungeon (9/15)             Temple (1/1) D:5            Lair (0/8) D:8
    Orc: D:9-12

Altars:
Ashenzari
Cheibriados
Dithmenos
Elyvilon
Fedhas
Gozag
Kikubaaqudgha
Makhleb
Nemelex Xobeh
Okawaru
Qazlal
Ru
Sif Muna
Trog
Vehumet
Xom
Yredelemnul
Zin
The Shining One

Shops:
D:4 %   D:7 (}


Innate Abilities, Weirdness & Mutations

You cannot wear most types of armour.
You are amphibious.
You can wear up to eight rings at the same time.
You can use your tentacles to constrict eight enemies at once.
Your skin changes colour to match your surroundings (Stealth).
Your rubbery body absorbs attacks (AC +1).
You are partially covered in thin metallic scales (AC +2).
You tend to lose your temper in combat.
Your mind is acute. (Int +2)


Message History

* * * LOW HITPOINT WARNING * * *
You block the troll's attack. The jumping spider barely misses you.
The jumping spider bites you but does no damage.
Drink which item? (? for menu, Esc to quit)
A red film seems to cover your vision as you go berserk!
You feel yourself moving faster!
You feel mighty! The troll bites you!
* * * LOW HITPOINT WARNING * * *
The troll closely misses you. The troll claws you.
* * * LOW HITPOINT WARNING * * *
The jumping spider barely misses you. The jumping spider bites you.
* * * LOW HITPOINT WARNING * * *
You hit the jumping spider. You grab the jumping spider.
You squeeze the jumping spider!
The jumping spider is heavily wounded.
You constrict the jumping spider, but do no damage.
The jumping spider struggles to leap free from constriction.
The troll bites you.
* * * LOW HITPOINT WARNING * * *
The troll closely misses you. The troll claws you!
You die...

.....#.#######...#...............
.)...#...........'...............
.....#...........#....(..........
(....########'####...............
(......................##########
#########...#########..# .......
# #...##.§.s..#..# ....... #
#..#..#.T##).#..# ....... #
#..#..##.@#§.#..# ....... # #..
##..#.s##.#..# ..###.. # #..
#..##..#}# # #.. # .. ##..#..###
#.. # #.. #..##..# +.. #
##..#..## #.. # #..##..# #.. #
##..#..#. #.. # #..##.#..


You could see a troll and a jumping spider.

Vanquished Creatures
  Maurice (D:9)
  2 trolls
  A two-headed ogre (D:9)
  Prince Ribbit (D:7)
  2 yaks (D:8)
  A deep elf fighter (D:8)
  The ghost of P0WERM0DE the Conjurer, an amateur DsWz of Makhleb (D:3)
  Edmund (D:4)
  Duvessa (D:7)
  Purgy (D:3)
  A wasp (D:8)
  3 black bears
  3 sky beasts
  2 ice beasts
  5 ogres
  3 orc warriors
  4 centaurs
  An elf zombie (Ossuary)
  3 giant frogs
  2 big kobolds (D:7)
  A crocodile (D:8)
  Dowan (D:7)
  3 scorpions
  3 wights (D:8)
  5 crimson imps
  A human zombie (Ossuary)
  3 hounds
  9 orc wizards
  7 orc priests
  5 iguanas
  2 worker ants
  3 giant frog skeletons
  2 hell rats (D:5)
  A big kobold zombie (Ossuary)
  A hound skeleton (D:8)
  4 mummies (Ossuary)
  A gnoll (D:2)
  3 river rats
  2 adders
  An ooze (D:2)
  An adder skeleton (D:7)
  An adder zombie (D:5)
  2 worms
  9 giant geckos
  33 orcs
  A ball python (D:3)
  21 bats
  4 giant cockroaches
  A gnoll zombie (Ossuary)
  8 goblins
  11 hobgoblins
  4 jackals (D:5)
  4 quokkas
  A giant gecko zombie (D:5)
  5 giant newts
  A hobgoblin zombie (Ossuary)
  2 jackal zombies (Ossuary)
  15 kobolds
  3 orc zombies (Ossuary)
  A quokka zombie (D:5)
  42 rats
  2 rat zombies (Ossuary)
269 creatures vanquished.

Vanquished Creatures (collateral kills)
  A giant gecko (D:7)
1 creature vanquished.

Vanquished Creatures (others)
  A fungus (D:8)
1 creature vanquished.

Grand Total: 271 creatures vanquished

Notes
Turn   | Place    | Note
--------------------------------------------------------------
     0 | D:1      | Ordine the Octopode Fighter began the quest for the Orb.
     0 | D:1      | Reached XP level 1. HP: 16/16 MP: 1/1
   368 | D:1      | Reached XP level 2. HP: 21/21 MP: 2/2
   827 | D:2      | Reached XP level 3. HP: 26/26 MP: 3/3
  1571 | D:2      | Found an iron altar of Okawaru.
  1579 | D:2      | Reached skill level 4 in Long Blades
  1582 | D:2      | Reached XP level 4. HP: 16/31 MP: 4/4
  1864 | D:3      | Noticed P0WERM0DE's ghost (amateur DsWz)
  2422 | D:3      | Found a stormy altar of Qazlal.
  2482 | D:3      | Killed P0WERM0DE's ghost
  2482 | D:3      | Reached skill level 5 in Long Blades
  2482 | D:3      | Reached XP level 5. HP: 24/36 MP: 5/5
  2710 | D:3      | Noticed Purgy
  2730 | D:3      | Killed Purgy
  2730 | D:3      | Reached skill level 6 in Long Blades
  2730 | D:3      | Reached XP level 6. HP: 42/42 MP: 6/6
  2819 | D:3      | Found a blossoming altar of Fedhas.
  3376 | D:4      | Found a glowing golden altar of the Shining One.
  3376 | D:4      | Found a white marble altar of Elyvilon.
  3376 | D:4      | Found a glowing silver altar of Zin.
  3444 | D:4      | Reached skill level 7 in Long Blades
  3469 | D:4      | Noticed Edmund
  3484 | D:4      | Killed Edmund
  3484 | D:4      | Reached XP level 7. HP: 30/46 MP: 7/7
  3591 | D:4      | Found Umangami's Food Boutique.
  3655 | D:4      | Reached skill level 8 in Long Blades
  4314 | D:5      | Entered Level 5 of the Dungeon
  4413 | D:5      | Gained mutation: You are frail (-10% HP). [potion of mutation]
  4413 | D:5      | Gained mutation: You are partially covered in rough black scales (AC +4, Dex -1). [potion of mutation]
  4414 | D:5      | Gained mutation: You have an increased reservoir of magic (+10% MP). [potion of mutation]
  4414 | D:5      | Gained mutation: You tend to lose your temper in combat. [potion of mutation]
  4415 | D:5      | Gained mutation: Your spells are a little harder to cast, but a little more powerful. [potion of mutation]
  4415 | D:5      | Gained mutation: You have a considerably increased reservoir of magic (+20% MP). [potion of mutation]
  4415 | D:5      | Gained mutation: You occasionally shout uncontrollably at your foes. [potion of mutation]
  4459 | D:5      | Found a staircase to the Ecumenical Temple.
  4472 | Temple   | Entered the Ecumenical Temple
  4531 | Temple   | Became a worshipper of Dithmenos the Shadowed
  5216 | D:5      | Reached XP level 8. HP: 48/48 MP: 9/9
  5233 | D:5      | Reached * piety under Dithmenos
  5964 | D:6      | Reached skill level 9 in Long Blades
  6035 | D:6      | Reached skill level 5 in Fighting
  7284 | D:7      | Found a sand-covered staircase.
  7354 | D:7      | Reached XP level 9. HP: 51/56 MP: 10/10
  7381 | Ossuary  | Entered an ossuary
  7417 | Ossuary  | Reached ** piety under Dithmenos
  7478 | Ossuary  | Reached skill level 10 in Long Blades
  7639 | Ossuary  | Lost mutation: Your spells are a little harder to cast, but a little more powerful. [potion of cure mutation]
  7639 | Ossuary  | Lost mutation: You are frail (-10% HP). [potion of cure mutation]
  7639 | Ossuary  | Lost mutation: You tend to lose your temper in combat. [potion of cure mutation]
  7639 | Ossuary  | Lost mutation: You occasionally shout uncontrollably at your foes. [potion of cure mutation]
  7639 | Ossuary  | Lost mutation: You are partially covered in rough black scales (AC +4, Dex -1). [potion of cure mutation]
  7926 | D:7      | Gained mutation: You are robust (+10% HP). [potion of mutation]
  7926 | D:7      | Gained mutation: You tend to lose your temper in combat. [potion of mutation]
  7926 | D:7      | Gained mutation: One of your tentacles bears a spike. [potion of mutation]
  7927 | D:7      | Gained mutation: Your muscles are strong. (Str +2) [potion of mutation]
  7927 | D:7      | Gained mutation: Your mind is acute. (Int +2) [potion of mutation]
  7927 | D:7      | Lost mutation: You have a considerably increased reservoir of magic (+20% MP). [potion of mutation]
  7931 | D:7      | Found a radiant altar of Vehumet.
  7933 | D:7      | Noticed Duvessa
  7933 | D:7      | Noticed Dowan
  7959 | D:7      | Killed Duvessa
  7963 | D:7      | Killed Dowan
  8014 | D:7      | Noticed Prince Ribbit
  8024 | D:7      | Killed Prince Ribbit
  8668 | D:7      | Found Xowoileu's Quality Used Wands.
  8866 | D:7      | Found Wueleex's Weapon Shoppe.
  8959 | D:7      | Found a glowing silver altar of Zin.
  9681 | D:8      | Reached skill level 11 in Long Blades
  9865 | D:8      | Found a snail-covered altar of Cheibriados.
  9964 | D:8      | Reached *** piety under Dithmenos
  9964 | D:8      | Reached XP level 10. HP: 61/80 MP: 11/11
 10464 | D:8      | Lost mutation: Your muscles are strong. (Str +2) [mutagenic meat]
 10468 | D:8      | Lost mutation: You are robust (+10% HP). [mutagenic meat]
 10471 | D:8      | Gained mutation: You are partially covered in thin metallic scales (AC +2). [mutagenic meat]
 10472 | D:8      | Gained mutation: Your muscles are strong. (Str +2) [mutagenic meat]
 10731 | D:8      | Found a staircase to the Lair.
 10919 | D:9      | Found a shattered altar of Ashenzari.
 11194 | D:9      | Reached skill level 12 in Long Blades
 11197 | D:9      | Found a bloodstained altar of Trog.
 11302 | D:9      | Reached skill level 10 in Fighting
 11363 | D:9      | Reached **** piety under Dithmenos
 11415 | D:9      | Noticed Maurice
 11432 | D:9      | Killed Maurice
 11928 | D:9      | Lost mutation: Your muscles are strong. (Str +2) [potion of cure mutation]
 11928 | D:9      | Lost mutation: One of your tentacles bears a spike. [potion of cure mutation]
 11928 | D:9      | Lost mutation: You have an increased reservoir of magic (+10% MP). [potion of cure mutation]
 12032 | D:9      | Slain by a troll

Vault maps used:
D:1:      tarquinn_simple_flora_water_b
D:2:      okawaru_altar_gauntlet_db, feat_on_display
D:3:      nicolae_overflow_hidden_temple, first_bread, fedhas_altar_3,
          uniq_purgy
D:4:      good_gods_mini_temple, serial_shops, nicolae_shop_waterfront,
          uniq_edmund
D:5:      lemuel_ratsnest, minmay_temple_entry_purple_smoke
D:6:      minmay_klotski
D:7:      vehumet_altar_wand_db, nicolae_ossuary_entry_false_entrances,
          serial_shops, kennysheep_little_box, basic_altar,
          nicolae_for_you_no_charge, uniq_prince_ribbit1, uniq_duvessa
D:8:      lemuel_crystal_altar, grunt_lair_entry_elf_guard_hut
D:9:      minmay_tri_box, lemuel_crystal_altar, trog_ov_bears_minmay,
          uniq_maurice
Temple:   roderic_octagonal_lattice_temple
Ossuary:  ossuary_minmay_tomb_2a

Action                   |  1- 3 |  4- 6 |  7- 9 | 10-12 || total
-------------------------+-------+-------+-------+-------++-------
Melee: Long sword        |    70 |    82 |   348 |   154 ||   654
       Dagger            |     1 |     1 |     3 |       ||     5
       Unarmed           |       |       |     7 |       ||     7
 Fire: Blowgun           |       |       |     7 |    16 ||    23
Throw: Tomahawk          |       |       |    10 |       ||    10
       Stone             |       |       |     6 |     1 ||     7
  Use: Scroll            |     9 |     6 |    11 |     3 ||    29
       Potion            |       |     3 |     9 |     4 ||    16
 Stab: Sleeping          |     4 |     6 |     9 |     9 ||    28
       Distracted        |       |       |     1 |     2 ||     3
  Eat: Chunk             |     2 |     6 |    22 |    18 ||    48
